 Dungeon Crawl Stone Soup version 0.18-a0-1267-gff090c1 (webtiles) character file.

100 namelastname112 the Cudgeler (level 4, 0/37 HPs)
             Began as a Draconian Gladiator on Feb 6, 2016.
             Slain by a bat (1 damage)
             ... on level 3 of the Dungeon.
             The game lasted 00:02:48 (1860 turns).

namelastname112 the Cudgeler (Draconian Gladiator)  Turns: 1860, Time: 00:02:48

Health: 0/37       AC:  5    Str: 17    XL:     4   Next: 46%
Magic:  4/4        EV: 13    Int:  9    God:
Gold:   139        SH:  0    Dex: 12    Spells: 0 memorised, 3 levels left

rFire  . . .     SeeInvis .     a - +0 flail
rCold  . . .     Gourm    +     (armour unavailable)
rNeg   . . .     Faith    .     (no shield)
rPois  .         Spirit   .     b - +0 hat
rElec  .         Dismiss  .     (no cloak)
rCorr  .         Reflect  .     (no gloves)
SustAt .         Harm     .     (no boots)
MR     .....                    o - amulet of the gourmand
Stlth  +.........               (no ring)
                                (no ring)

@: not resistant to hostile enchantments, very unstealthy
A: unfitting armour, cold-blooded, AC +5
a: no special abilities


You were on level 3 of the Dungeon.
You were not hungry.

You visited 1 branch of the dungeon, and saw 3 of its levels.

You collected 139 gold pieces.

Inventory:

Hand Weapons
 a - a +0 flail (weapon)
Missiles
 c - 3 throwing nets (quivered)
Armour
 b - a +0 hat (worn)
Jewellery
 o - an amulet of the gourmand (around neck)
Scrolls
 e - 2 scrolls of identify {unknown}
 f - 2 scrolls of recharging {unknown}
 g - a scroll of random uselessness {unknown}
 k - 2 scrolls of blinking {unknown}
 m - a scroll of enchant armour {unknown}
 p - a scroll of teleportation {unknown}
 q - 3 scrolls of remove curse {unknown}
 t - a scroll of immolation {unknown}
Potions
 h - a potion of magic {unknown}
 i - a potion of flight {unknown}
 j - a potion of curing {unknown}
 l - 2 potions of agility {unknown}
 s - a potion of might {unknown}
 u - 3 potions of degeneration {unknown}
 v - a potion of berserk rage {unknown}
Comestibles
 d - 2 bread rations
 n - a meat ration
 r - a slice of pizza


   Skills:
 + Level 2.9 Fighting
 * Level 4.2 Maces & Flails
 + Level 2.4 Throwing
 + Level 3.1 Dodging


You had 3 spell levels left.
You didn't know any spells.

Dungeon Overview and Level Annotations

Branches:
Dungeon (3/15)

Altars:


Innate Abilities, Weirdness & Mutations

Your plain brown scales are hard (AC +5).
Your body does not fit into most forms of armour.
You are cold-blooded and may be slowed by cold attacks.


Message History

The bat closely misses you.
You closely miss the orc. You tail-slap the orc.
You kill the orc!
You hit the orc but do no damage.
You tail-slap the orc, but do no damage.
The orc hits you with a flail.
* * * LOW HITPOINT WARNING * * *
The bat hits you but does no damage. The bat barely misses you.
The bat hits you.
* * * LOW HITPOINT WARNING * * *
The bat hits you but does no damage. The bat hits you.
* * * LOW HITPOINT WARNING * * *
Things that are here:
a dagger; a goblin corpse The bat hits you.
* * * LOW HITPOINT WARNING * * *
The bat hits you.
You die...

#########
#####.......##
#..†....##...######
#.###.#....#......#
#o###.#..#...####.#
#.##....o##@##
##.######
##.##....o)b.#
##.......#
#......#.#####
#....<.#.#
#........#
#...##.#.#
#.###..###
#......#.# #.#....#
#..##..#.# #.#.##.#
.... #..#.#
#......# .....
.....# ###o####
#..####.####


You could see an orc and a bat.

Vanquished Creatures
  An orc priest (D:3)
  An adder (D:2)
  A gnoll (D:1)
  2 oozes (D:1)
  2 orcs (D:3)
  6 bats
  3 giant cockroaches
  4 goblins
  5 hobgoblins
  A quokka (D:2)
  A ball python (D:2)
  A giant newt (D:2)
  7 kobolds
  3 rats
38 creatures vanquished.

Notes
Turn   | Place    | Note
--------------------------------------------------------------
     0 | D:1      | namelastname112 the Draconian Gladiator began the quest for the Orb.
     0 | D:1      | Reached XP level 1. HP: 17/17 MP: 1/1
    23 | D:1      | Reached XP level 2. HP: 16/24 MP: 2/2
   484 | D:1      | Reached XP level 3. HP: 30/30 MP: 3/3
  1612 | D:2      | Reached skill level 4 in Maces & Flails
  1791 | D:3      | Reached XP level 4. HP: 27/37 MP: 4/4
  1805 | D:3      | HP: 1/37 [orc (5)]
  1859 | D:3      | HP: 1/37 [bat (1)]
  1860 | D:3      | Slain by a bat

Vault maps used:
D:1:      elethiomel_arrival_shortcut, minivault_26
D:2:      serial_co_window_serial, co_window_of_opportunity_a,
          co_window_corner_a, co_window_corner_a, co_window_paths_b,
          co_window_corner_a, co_window_corner_a, co_window_paths_a,
          co_window_broadway_c, co_window_broadway_a, co_window_corner_b,
          co_window_2corner, glass_columns_a, glass_columns_a, glass_columns_a,
          glass_columns_c, minmay_bad_closet

Action                   |  1- 3 |  4- 6 || total
-------------------------+-------+-------++-------
Melee: Flail             |   111 |     8 ||   119
 Stab: Sleeping          |     1 |       ||     1
  Eat: Chunk             |     3 |       ||     3
